 Dungeon Crawl Stone Soup version 0.20.1-1-g8b1a95d66d (webtiles) character file.

77 Araratina the Shooter (level 4, -1/34 HPs)
             Began as a Human Hunter on Oct 26, 2017.
             Slain by a gnoll
             ... wielding a +0 spear
              (3 damage)
             ... on level 3 of the Dungeon on Dec 28, 2017.
             The game lasted 00:11:39 (1544 turns).

Araratina the Shooter (Human Hunter)                Turns: 1544, Time: 00:11:40

Health: -1/34      AC:  8    Str: 12    XL:     4   Next: 58%
Magic:  4/4        EV:  6    Int: 11    God:    Xom [......]
Gold:   106        SH:  0    Dex: 15    Spells: 3/3 levels left

rFire    . . .     SeeInvis +   a - +1 shortbow
rCold    . . .     Gourm    .   (shield currently unavailable)
rNeg     . . .     Faith    .   i - +0 chain mail
rPois    .         Spirit   .   (no helmet)
rElec    .         Reflect  .   (no cloak)
rCorr    .         Harm     .   (no gloves)
MR       .....                  (no boots)
Stlth    ..........             (no amulet)
Regen    0.2/turn               m - ring of see invisible
MPRegen  0.1/turn               (no ring)

@: no status effects
A: no striking features
a: Renounce Religion


You were on level 3 of the Dungeon.
You worshipped Xom.
You were a very special plaything of Xom.
You were hungry.

You visited 1 branch of the dungeon, and saw 3 of its levels.

You collected 106 gold pieces.

Inventory:

Hand Weapons
 a - a +1 shortbow (weapon)
 b - a +0 short sword
Missiles
 j - 19 stones (quivered)
 k - 7 steel javelins
Armour
 i - a +0 chain mail (worn)
Jewellery
 m - a ring of see invisible (left hand)
Scrolls
 g - 3 scrolls of remove curse {unknown}
 h - 3 scrolls of identify {unknown}
 l - a scroll of teleportation {unknown}
 o - a scroll of amnesia {unknown}
 p - a scroll of enchant armour {unknown}
Potions
 e - a potion of heal wounds {unknown}
 n - a potion of haste {unknown}
 s - a potion of magic {unknown}
Comestibles
 f - a bread ration
 q - a royal jelly
 r - 2 meat rations


   Skills:
 + Level 2.4 Fighting
 + Level 5.3 Bows
 + Level 0.8 Armour
 + Level 2.0 Dodging
 + Level 1.0 Stealth


You had 3 spell levels left.
You didn't know any spells.

Dungeon Overview and Level Annotations

Branches:
Dungeon (3/15)

Altars:
Ashenzari
Xom


Message History

Aim: an orc, wielding a whip and wearing a scale mail You throw a stone.
The stone barely misses the orc.
The orc hits you but does no damage.
A worm comes into view.
Throwing (i - inventory. (,) - cycle):
j - 21 stones (quivered)
Press: ? - help, Shift-Dir - straight line, f/p - orc
Aim: an orc, wielding a whip and wearing a scale mail You throw a stone.
The stone hits the orc but does no damage.
The orc barely misses you. x3
The orc hits you with a mace of protection.
* * * LOW HITPOINT WARNING * * *
Throwing (i - inventory. (,) - cycle):
j - 20 stones (quivered)
Press: ? - help, Shift-Dir - straight line, f/p - orc
Aim: an orc, wielding a whip and wearing a scale mail You throw a stone.
The stone barely misses the orc.
The orc hits you but does no damage. x2
The gnoll hits you from afar with a spear.
You die...
Xom chuckles heartily!

.... #..#.## (....(#
#....###### #%
#w.###.........#
(.#..............# .
.....##.........# ...
#.#.............#
....#.#.............#
......oo............##
...#?o@.g.g..(...)..#
#.o..#..########†##
##..##...# #..#
#..###.... ##.## #...
#.###.. #... #... #..
#.# ###. #... #### #
#. #.... ##


You could see a worm, 2 gnolls and 4 orcs.

Vanquished Creatures
  A gnoll (D:3)
  2 adders (D:2)
  An ooze (D:1)
  2 dart slugs
  A leopard gecko (D:2)
  2 orcs (D:3)
  A ball python (D:1)
  A giant cockroach (D:1)
  5 goblins
  4 hobgoblins
  A quokka (D:2)
  8 bats
  2 frilled lizards (D:2)
  2 kobolds (D:1)
  9 rats
42 creatures vanquished.

Notes
Turn   | Place    | Note
-------+----------+-------------------------------------------
     0 | D:1      | Araratina the Human Hunter began the quest for the Orb.
     0 | D:1      | Reached XP level 1. HP: 16/16 MP: 1/1
   165 | D:1      | Reached XP level 2. HP: 22/22 MP: 2/2
   349 | D:1      | Reached XP level 3. HP: 28/28 MP: 3/3
   550 | D:1      | Found a shimmering altar of Xom.
   552 | D:1      | Found a hide-covered altar of Uskayaw.
   552 | D:1      | Found a glowing golden altar of the Shining One.
   554 | D:1      | Found a sacrificial altar of Ru.
   554 | D:1      | Found a shimmering altar of Xom.
   554 | D:1      | Found a white marble altar of Elyvilon.
   576 | D:1      | Became a worshipper of Xom of Chaos
   587 | D:1      | XOM: silly message
   725 | D:1      | Upgraded the game from 0.20.1-1-g8b1a95d to 0.20.1-1-g8b1a95d66d
   731 | D:1      | You fall through a shaft!
   731 | D:2      | Found a shattered altar of Ashenzari.
   736 | D:2      | XOM: silly message
   785 | D:2      | Reached skill level 5 in Bows
   790 | D:2      | Reached XP level 4. HP: 34/34 MP: 4/4
  1309 | D:2      | XOM: divination: detect items
  1420 | D:3      | XOM: summons 1 hostile demon
  1504 | D:3      | HP: 1/34 [gnoll/spear (8)]
  1504 | D:3      | XOM: butterfly on damage
  1544 | D:3      | Slain by a gnoll

Skill      XL: |  1  2  3 |
---------------+----------+-----
Bows           | 5 |  5.3
Fighting       | |  2.4
Armour         | |  0.8
Dodging        | |  2.0
Stealth        | |  1.0

Action                   |  1- 3 |  4- 6 || total
-------------------------+-------+-------++-------
Melee: Short sword       |    10 |       ||    10
 Fire: Shortbow          |    84 |    40 ||   124
Throw: Stone             |       |    41 ||    41
  Eat: Chunk             |       |     1 ||     1
Armor: Leather armour    |     1 |       ||     1
       Chain mail        |    27 |    19 ||    46
Dodge: Dodged            |    14 |    16 ||    30
